 Dungeon Crawl Stone Soup version 0.31-a0-18-gea43df2a32 (webtiles) character file.

Game seed: 8273731576109344250

818 senseless the Magician (level 7, -2/46 HPs)
             Began as a Mummy Necromancer on May 11, 2023.
             Slain by a wraith (5 damage)
             ... on level 5 of the Dungeon on May 12, 2023.
             The game lasted 00:15:59 (5092 turns).

senseless the Magician (Mummy Necromancer)          Turns: 5092, Time: 00:15:59

Health: -2/46      AC:  6    Str: 11    XL:     7   Next: 62%
Magic:  16/16      EV: 13    Int: 17    God:
Gold:   292        SH:  0    Dex: 12    Spells: 18/19 levels left

rFire   x . .        i - +0 dagger (vamp)
rCold   + . .        (no shield)
rNeg    + + +        g - +1 robe of the Old and Reckless {Rampage rElec Will+ Stlth+}
rPois   ∞            j - +1 helmet
rElec   +            l - +0 cloak
rCorr   .            (no gloves)
SInv    .            (no boots)
Will    +....        n - amulet of magic regeneration
Stlth   +++          (no ring)
HPRegen 0.27/turn    (no ring)
MPRegen 0.55/turn

%: rampage, faith
@: slowed, very slow
A: cold resistance 1, negative energy resistance 3, torment resistance 2, heat
vulnerability 1, in touch with death 1, no potions, faith
a: no special abilities


You were on level 5 of the Dungeon.
You visited 1 branch of the dungeon, and saw 6 of its levels.

You collected 292 gold pieces.

Inventory:

Hand Weapons
 i - a +0 vampiric dagger (weapon)
Armour
 g - the +1 robe of the Old and Reckless (worn) {Rampage rElec Will+ Stlth+}
   (You found it on level 2 of the Dungeon)

   rElec:     It insulates you from electricity.
   Rampage:   It bestows one free step when moving towards enemies.
   Will:      It increases your willpower.
   Stlth:     It makes you more stealthy.
 j - a +1 helmet (worn)
 k - a +1 animal skin
 l - a +0 cloak (worn)
 s - a +0 kite shield
Magical Staves
 d - a staff of poison
Jewellery
 n - an amulet of magic regeneration (around neck)
 q - a ring of ice
Wands
 m - a wand of quicksilver (9)
Scrolls
 a - a scroll of vulnerability
 b - 6 scrolls of teleportation
 c - 3 scrolls of identify
 e - 2 scrolls of amnesia
 f - a scroll of butterflies
 h - 2 scrolls of brand weapon
 o - a scroll of enchant weapon
 p - a scroll of blinking
 r - a scroll of noise {unknown}


   Skills:
 + Level 4.3 Dodging
 - Level 1.5 Stealth
 + Level 6.5 Spellcasting
 + Level 6.4 Necromancy


You had 18 spell levels left.
You knew the following spells:

 Your Spells              Type           Power      Damage    Failure   Level
a - Necrotise             Necr           100%       1d9       1%          1

Your spell library contained the following spells:

 Spells                   Type           Power      Damage    Failure   Level
 Vampiric Draining        Necr           41%        2d8       2%          3
 Animate Dead             Necr           41%        N/A       9%          4
 Magic Dart               Conj           20%        1d4       12%         1
 Ensorcelled Hibernation  Hex/Ice        10%        N/A       19%         2
 Passwall                 Tmut/Erth      4%         N/A       19%         2
 Searing Ray              Conj           10%        2d4       19%         2
 Agony                    Necr           41%        N/A       24%         5
 Swiftness                Air            5%         N/A       36%         3
 Fulminant Prism          Conj/Hex       2%         3d5       77%         4


Dungeon Overview and Level Annotations

Branches:
Dungeon (6/15)
 Temple: D:4-7

Altars:
Uskayaw


Innate Abilities, Weirdness & Mutations

You are immune to poison.
Your flesh is cold resistant. (rC+)
You are immune to negative energy. (rN+++)
You are immune to unholy pain and torment.
You are vulnerable to heat. (rF-)
You are in touch with the powers of death.
You do not drink.
You have a special connection with the divine. (Faith)


Message History

The gnoll sergeant hits you from afar with a +1 trident of flaming!
The gnoll sergeant burns you!
* * * LOW HITPOINT WARNING * * *
The wraith completely misses you.
You feel yourself speed up. The wraith attacks as you move away!
The wraith closely misses you.
A wraith comes into view.
The wraith attacks as you move away! The wraith hits you.
* * * LOW HITPOINT WARNING * * *
The wraith drains your vigour!
You feel yourself slow down.
You see here a +0 giant club.
The wraith attacks as you move away! The wraith misses you.
The gnoll sergeant misses you. The wraith hits you.
* * * LOW HITPOINT WARNING * * *
The wraith drains your vigour!
You feel as though you will be slow longer.
There is a stone staircase leading up here.
The wraith completely misses you.
The gnoll sergeant hits you but does no damage.
You climb upwards.
There is a stone staircase leading down here.
You hit the wraith but do no damage.
The wraith is lightly damaged.
The wraith hits you but does no damage. x2
You closely miss the wraith.
The wraith is lightly damaged.
The wraith hits you.
* * * LOW HITPOINT WARNING * * *
The wraith drains your vigour!
You feel as though you will be slow longer.
Casting: Necrotise (safe; 1% risk of failure)
Confirm with . or Enter, or press ? or * to list all spells.
Okay, then.
Casting: Necrotise (safe; 1% risk of failure)
Confirm with . or Enter, or press ? or * to list all spells.
You can't see any susceptible monsters within range! (Use Z to cast anyway.)
You hit the wraith but do no damage.
The wraith is lightly damaged.
The wraith hits you.
You die...

....#.....................##..#.#
..................##.........##..
...........##....##..........#..#
........##.......##..........##.#
........###..................##..
..........#..###.................
.......#.##.####.##..#........###
....##.#....###..W#.#......#..# #
.....#..###.....@...##..##.##.###
.....#...............#...#.##..#
............................#..#
......................##...##..##
...............)................#
.................................
...................(.............
..................#..............
..###.##..........#..........#>..


You could see a wraith.

Vanquished Creatures
  A black bear (D:5)
  An ice beast (D:5)
  A centaur (D:5)
  An ogre (D:6)
  2 scorpions
  2 hounds
  A jelly (D:5)
  An orc wizard (D:3)
  Robin (D:2)
  3 gnolls (D:4)
  8 adders
  2 worms
  2 dart slugs (D:4)
  7 orcs
  7 ball pythons
  6 bats
  9 endoplasms
  2 giant cockroaches
  9 goblins
  7 hobgoblins
  2 jackals (D:2)
  6 kobolds
  4 quokkas
  3 frilled lizards
  5 rats
93 creatures vanquished.

Vanquished Creatures (collateral kills)
  A gnoll (D:4)
  An adder (D:3)
  A worm (D:2)
  2 endoplasms
  A goblin (D:2)
  A hobgoblin (D:2)
  A rat (D:1)
8 creatures vanquished.

Vanquished Creatures (others)
  A butterfly (D:3)
1 creature vanquished.

Grand Total: 102 creatures vanquished

Notes
Turn   | Place    | Note
-------+----------+-------------------------------------------
     0 | D:1      | senseless the Mummy Necromancer began the quest for the
                  | Orb.
     0 | D:1      | Reached XP level 1. HP: 13/13 MP: 4/4
   286 | D:1      | Reached XP level 2. HP: 19/19 MP: 4/6
   851 | D:1      | You fall into a shaft and drop 1 floor!
   859 | D:2      | Identified the +1 robe of the Old and Reckless {Rampage
                  | rElec Will+ Stlth+}
  1054 | D:1      | Gained mutation: You are in touch with the powers of death.
                  | [Mummy growth]
  1054 | D:1      | Reached XP level 3. HP: 24/24 MP: 3/7
  1761 | D:2      | Reached XP level 4. HP: 30/30 MP: 2/9
  1870 | D:2      | Noticed Robin
  1981 | D:2      | Killed Robin
  2242 | D:3      | Reached XP level 5. HP: 35/35 MP: 4/11
  2542 | D:3      | Reached skill level 5 in Necromancy
  2746 | D:3      | Found a hide-covered altar of Uskayaw.
  3649 | D:4      | Reached XP level 6. HP: 41/41 MP: 11/13
  3719 | D:4      | Reached skill level 5 in Spellcasting
  4280 | D:5      | Entered Level 5 of the Dungeon
  4476 | D:5      | Noticed an ice beast
  4484 | D:5      | Killed an ice beast
  4485 | D:5      | Reached XP level 7. HP: 38/46 MP: 11/15
  5070 | D:6      | Noticed a wraith
  5081 | D:6      | Noticed a wraith
  5087 | D:6      | HP: 2/46 [wraith (1)]
  5092 | D:5      | Slain by a wraith

Illustrated notes

Levels and vault maps discovered:
D:1:      lightli_arrival_quake, layout_basic, grunt_decor_resistance
D:2:      layout_rooms, uniq_robin
D:3:      layout_rooms, nicolae_elyvilon_peaceful_grove,
          nicolae_uskayaw_suspiria
D:4:      layout_layer_cave, dk_noncrumbling_2, nrook_mini_backslash
D:5:      layout_cave_pools
D:6:      layout_cave_pods, makhleb_grotto_becter, nemelex_dance_club_becter,
          minmay_temple_entry_antechambers, minmay_manual_mandibuliform

Skill      XL: |  1  2  3  4  5  6  7 |
---------------+----------------------+-----
Spellcasting   | 3 4 5 6 |  6.5
Dodging        | 2 3 4 |  4.3
Necromancy     | 5 6 |  6.4
Stealth        | |  1.5

Action                     |  1- 3 |  4- 6 |  7- 9 || total
---------------------------+-------+-------+-------++-------
  Melee: Unarmed           |     8 |       |       ||     8
         Staff             |    10 |    12 |       ||    22
         Dagger            |       |     6 |     5 ||    11
   Cast: Necrotise         |    73 |   130 |    21 ||   224
    Use: Scroll            |       |     8 |       ||     8
 Armour: Robe              |     3 |    13 |     7 ||    23
  Dodge: Dodged            |    23 |    28 |    15 ||    66

Table legend: (Time is in decaauts)
 A = Elapsed time spent in this place.
 B = Non-inter-level travel time spent in this place.
 C = Inter-level travel time spent in this place.
 D = Time resting spent in this place.
 E = Time spent auto-exploring this place.
 F = Levels seen in this place.
 G = Mean time per level.
                   A        B        C        D        E       F      G
               +--------+--------+--------+--------+--------+-----+--------+
         Total |   5104 |   4853 |    251 |    162 |   4067 |   6 |  850.7 |
       Dungeon |   5104 |   4853 |    251 |    162 |   4067 |   6 |  850.7 |
               +--------+--------+--------+--------+--------+-----+--------+

Top non-repeatable levels by time:
     D:4: 1346 daAuts
     D:1: 1339 daAuts
     D:2: 854 daAuts
     D:3: 765 daAuts
     D:5: 735 daAuts
     D:6: 62 daAuts
